 Dungeon Crawl Stone Soup version 0.13.0-25-g43d4df3 (webtiles) character file.

1451 MirrMurr the Magician (level 8, 0/31 HPs)
             Began as a Felid Conjurer on Oct 28, 2013.
             Was a Priest of Nemelex Xobeh.
             Slain by an orc warrior
             ... wielding a -1,+1 orcish glaive
              (18 damage)
             ... on Level 6 of the Dungeon.
             The game lasted 00:45:20 (8949 turns).

MirrMurr the Magician (Felid Conjurer)              Turns: 8949, Time: 00:45:20

HP   0/31        AC  2     Str  6      XL: 8   Next: 23%
MP  16/24        EV 20     Int 17      God: Nemelex Xobeh [***...]
Gold 229         SH  0     Dex 16      Spells:  7 memorised,  6 levels left
Lives: 0, deaths: 2

Res.Fire  : . . .   See Invis. : +   (weapon unavailable)
Res.Cold  : . . .   Warding    : .   (armour unavailable)
Life Prot.: . . .   Conserve   : .   (shield unavailable)
Res.Poison: .       Res.Corr.  : .   (helmet unavailable)
Res.Elec. : .       Clarity    : .   (cloak unavailable)
Sust.Abil.: . .     Spirit.Shd : .   (gloves unavailable)
Res.Mut.  : .       Stasis     : .   (boots unavailable)
Res.Rott. : .       Flight     : .   (no amulet)
Saprovore : . . .                    (no ring)
                                     (no ring)

@: quick, somewhat resistant to hostile enchantments, stealthy
A: paw claws, no armour, no advanced items, fangs 3, see invisible, carnivore 3,
speed 1, slow metabolism 1, AC +2
a: Draw One, Peek at Two, Triple Draw, Renounce Religion


You were on level 6 of the Dungeon.
You worshipped Nemelex Xobeh.
Nemelex Xobeh was most pleased with you.
You were completely stuffed.

You visited 1 branch of the dungeon, and saw 6 of its levels.

You collected 209 gold pieces.

Inventory:

Comestibles
 b - 4 meat rations
 H - a chunk of orc flesh
Scrolls
 e - 5 scrolls of identify
 f - 2 scrolls of teleportation
 i - a scroll of noise {unknown}
 j - a scroll of random uselessness {unknown}
 k - a scroll of enchant weapon II {unknown}
 m - 2 scrolls of fog {unknown}
 n - a scroll of amnesia {unknown}
 p - 2 scrolls of curse armour {unknown}
 s - a scroll of remove curse {unknown}
 t - a scroll of enchant weapon I {unknown}
 u - a scroll of enchant armour {unknown}
 v - a scroll of fear {unknown}
 y - a scroll of recharging {unknown}
 B - a scroll of blinking {unknown}
Potions
 a - a potion of brilliance
 d - 6 potions of curing
 g - a potion of flight {unknown}
 h - a potion of restore abilities {unknown}
 l - a potion of heal wounds
 o - 2 potions of beneficial mutation {unknown}
 q - a potion of paralysis {unknown}
 r - a potion of poison {unknown}
 w - a potion of invisibility {unknown}
 z - a potion of mutation {unknown}
 A - a potion of confusion {unknown}
 F - a potion of magic {unknown}
Books
 c - a book of Conjurations

   Spells                             Type                      Level
   *Magic Dart                        Conjuration                  1
   *Searing Ray                       Conjuration                  2
   *Dazzling Spray                    Conjuration/Hexes            3
   *Iskenderun's Mystic Blast         Conjuration                  4
   *Iskenderun's Battlesphere         Conjuration/Charms           4
   Fulminant Prism                    Conjuration/Hexes            5
 C - a book of Cantrips

   Spells                             Type                      Level
   *Confusing Touch                   Hexes                        1
   *Animate Skeleton                  Necromancy                   1
   Summon Small Mammal                Summoning                    1
   Apportation                        Translocation                1
Miscellaneous
 x - a plain deck of summonings {drawn: 4}
 D - a plain deck of destruction {drawn: 1}


   Skills:
 + Level 4.7 Dodging
 - Level 2.6 Stealth
 - Level 7.5 Spellcasting
 * Level 6.2 Conjurations
 - Level 5.6 Hexes
 + Level 3.2 Charms


You had 6 spell levels left.
You knew the following spells:

 Your Spells              Type           Power        Failure   Level  Hunger
a - Magic Dart            Conj           ####         1%          1    None
b - Searing Ray           Conj           ####..       1%          2    None
c - Dazzling Spray        Conj/Hex       ####....     3%          3    ##.....
d - Iskenderun's Mystic   Conj           ####....     10%         4    ####...
e - Iskenderun's Battles  Conj/Chrm      ###.....     17%         4    ####...
f - Confusing Touch       Hex            ####......   1%          1    None
g - Animate Skeleton      Necr           N/A          14%         1    None


Dungeon Overview and Level Annotations

Branches:
Dungeon (6/27)                Orc (0/4) D:6
 Temple: D:4-7

Altars:
Nemelex Xobeh
Trog
Yredelemnul

Shops:
D:4 (   D:5 +

Annotations:
D:3 Grinder
D:6 exclusion: 3 killer bees


Innate Abilities, Weirdness & Mutations

You cannot wear armour.
You are incapable of any advanced item manipulation.
Your paws have sharp claws.
You have razor-sharp teeth.
You have supernaturally acute eyesight.
You are carnivorous and can eat meat at any time.
You cover ground quickly.
You are covered in thick fur (AC +2).
You have a slow metabolism.


Message History

The magic dart hits the orc warrior.
The orc warrior is lightly wounded.
Casting: Magic Dart
Confirm with . or Enter, or press ? or * to list all spells.
Aiming: Searing Ray
Press: ? - help, Shift-Dir - straight line, f/p - orc warrior
Aim: an orc warrior, wielding an orcish glaive and wearing an orcish chain mail (lightly wounded)
The searing ray hits the orc warrior.
The orc warrior is lightly wounded.
The searing ray misses the orc warrior.
Your magical contamination has completely faded away.
The searing ray hits the orc warrior.
The orc warrior is heavily wounded.
The orc warrior hits you from afar with an orcish glaive!
The searing ray hits the orc warrior.
The orc warrior is almost dead.
The orc warrior hits you from afar with an orcish glaive!
Ouch! That really hurt!
You die...
Your body glows with a rainbow of weird colours and disappears.

...................#..#.#####.###
....#...#.....#.>........####.###
.................................
..............#....#.....##...###
.........................##...###
........#.###.#....#.............
.#..#.........................###
.......<#.......z.........#..####
................@.o..............
.#............#........#).#..#.#.
########################..#..#...
....#..#...... . #o.#.........
....!#..#o.#.##.#.
>.................
.o......#.........
.!.....#.........


You could see an orc warrior and a friendly orc skeleton.

Vanquished Creatures
  2 phantoms
  A black bear (D:6)
  4 ogres
  A sky beast (D:6)
  Sigmund (D:5)
  3 giant frogs
  An insubstantial wisp (D:4)
  2 jellies (D:5)
  2 crimson imps
  2 hounds
  A goliath beetle (D:6)
  An orc priest (D:6)
  3 orc wizards (D:5)
  A giant frog skeleton (D:5)
  A scorpion (D:4)
  3 worker ants
  An iguana (D:5)
  2 ogre skeletons (D:4)
  A hound skeleton (D:5)
  3 gnolls (D:4)
  9 adders
  A worm (D:5)
  An ufetubus (D:4)
  An iguana zombie (D:5)
  A giant eyeball (D:5)
  12 orcs
  4 ball pythons
  3 giant cockroaches
  10 hobgoblins
  7 jackals
  2 quokkas
  13 bats
  2 giant geckos
  A giant gecko skeleton (D:6)
  4 giant newts
  A giant newt zombie (D:5)
  A giant spore (D:6)
  14 goblins
  A goblin skeleton (D:4)
  A hobgoblin skeleton (D:5)
  7 kobolds
  A kobold skeleton (D:6)
  A kobold zombie (D:5)
  An orc skeleton (D:5)
  6 rats
  4 ballistomycetes (D:6)
145 creatures vanquished.

Vanquished Creatures (collateral kills)
  An orc priest (D:4)
  2 orc wizards
  An orc (D:4)
4 creatures vanquished.

Vanquished Creatures (others)
  A black bear skeleton (D:6)
  An orc skeleton (D:6)
  An adder skeleton (D:6)
  A hobgoblin (D:6)
  A rat skeleton (D:6)
5 creatures vanquished.

Grand Total: 154 creatures vanquished

Notes
Turn   | Place    | Note
--------------------------------------------------------------
     0 | D:1      | MirrMurr, the Felid Conjurer, began the quest for the Orb.
     0 | D:1      | Reached XP level 1. HP: 7/7 MP: 4/4
   253 | D:1      | Reached skill level 4 in Conjurations
   289 | D:1      | Reached XP level 2. HP: 11/11 MP: 2/5
   293 | D:1      | Learned a level 2 spell: Searing Ray
   673 | D:1      | Found a sparkling altar of Nemelex Xobeh.
   677 | D:1      | Became a worshipper of Nemelex Xobeh
   803 | D:1      | Received a gift from Nemelex Xobeh
  1307 | D:2      | Acquired Nemelex Xobeh's first power
  1350 | D:2      | Reached XP level 3. HP: 14/14 MP: 4/7
  2204 | D:3      | Reached skill level 5 in Conjurations
  2482 | D:3      | Reached XP level 4. HP: 18/18 MP: 7/10
  2521 | D:3      | Found a basalt altar of Yredelemnul.
  2521 | D:3      | Found a bloodstained altar of Trog.
  2538 | D:3      | Noticed Grinder
  3097 | D:3      | Learned a level 3 spell: Dazzling Spray
  3147 | D:4      | Noticed an ogre
  3172 | D:4      | Killed an ogre
  3172 | D:4      | Reached XP level 5. HP: 21/21 MP: 4/14
  3489 | D:4      | Noticed a giant frog
  3502 | D:4      | Killed a giant frog
  3502 | D:4      | Gained mutation: You are covered in thick fur (AC +2). [growing up]
  3502 | D:4      | Reached XP level 6. HP: 19/24 MP: 8/18
  3509 | D:4      | Learned a level 4 spell: Iskenderun's Mystic Blast
  3575 | D:4      | Acquired Nemelex Xobeh's second power
  3692 | D:4      | Noticed an ogre
  3746 | D:4      | Killed an ogre
  3746 | D:4      | Reached skill level 1 in Hexes
  3749 | D:4      | Received a gift from Nemelex Xobeh
  3836 | D:4      | Reached skill level 5 in Spellcasting
  4110 | D:4      | Found Kengoery's Weapon Emporium.
  4110 | D:4      | Noticed a phantom
  4152 | D:4      | Killed a phantom
  4282 | D:4      | Reached XP level 7. HP: 27/27 MP: 14/21
  4684 | D:4      | Received a gift from Nemelex Xobeh
  4808 | D:5      | Entered Level 5 of the Dungeon
  4808 | D:5      | Found Kurat's Book Shoppe.
  5133 | D:5      | Paralysed by a giant eyeball for 4 turns
  5305 | D:5      | Reached skill level 6 in Spellcasting
  5333 | D:5      | Killed from afar by an orc wizard
  5334 | D:5      | Reached XP level 6. HP: -6/24 MP: 10/20
  5533 | D:5      | Reached XP level 7. HP: 27/27 MP: 15/22
  5576 | D:5      | Noticed Sigmund
  5592 | D:5      | Learned a level 4 spell: Iskenderun's Battlesphere
  5941 | D:5      | Slain by Sigmund
  5942 | D:5      | Reached XP level 6. HP: -4/24 MP: 14/20
  5964 | D:5      | Killed Sigmund
  5991 | D:5      | Acquired Nemelex Xobeh's third power
  6032 | D:5      | Reached skill level 5 in Hexes
  6042 | D:5      | Reached skill level 7 in Spellcasting
  6780 | D:5      | Reached XP level 7. HP: 20/27 MP: 12/23
  7127 | D:6      | Learned a level 1 spell: Confusing Touch
  7129 | D:6      | Learned a level 1 spell: Animate Skeleton
  7305 | D:6      | Reached skill level 1 in Charms
  7307 | D:6      | Received a gift from Nemelex Xobeh
  7805 | D:6      | Reached XP level 8. HP: 31/31 MP: 24/24
  8703 | D:6      | Found a staircase to the Orcish Mines.
  8949 | D:6      | Slain by an orc warrior

Action                   |  1- 3 |  4- 6 |  7- 9 || total
-------------------------+-------+-------+-------++-------
Melee: Unarmed           |       |       |    62 ||    62
 Cast: Magic Dart        |    76 |    81 |    70 ||   227
       Searing Ray       |     3 |    33 |    33 ||    69
       Confusing Touch   |       |       |     5 ||     5
       Dazzling Spray    |       |       |     3 ||     3
       Iskenderun's Myst |       |       |     1 ||     1
       Animate Skeleton  |       |       |     5 ||     5
Invok: Draw One          |       |     8 |     4 ||    12
Evoke: Deck              |     3 |       |       ||     3
  Use: Potion            |     2 |       |       ||     2
       Scroll            |     3 |       |       ||     3
